 Dungeon Sprint DCSS version 0.24-a0-244-ga6a6ab7 (webtiles) character file.

Game seed: 9929824737827032639

4029 MikeHunt the Basher (level 10, -3/105 HPs)
             Began as a Naga Assassin on Apr 10, 2019.
             Was an Initiate of Gozag.
             Slain by Agnes
             ... wielding a +2 lajatang of speed
              (23 damage)
             ... in the Dungeon (Sprint IV: "Fedhas' Mad Dash").
             The game lasted 00:07:44 (1207 turns).

MikeHunt the Basher (Naga Assassin)                 Turns: 1207, Time: 00:07:45

Health: -3/105     AC: 11    Str: 13    XL:     10   Next: 24%
Magic:  15/15      EV: 23    Int: 11    God:    Gozag
Gold:   333        SH:  6    Dex: 22    Spells: 9/9 levels left

rFire    + . .     SeeInvis +   u - +1 flail (drain)
rCold    + . .     Gourm    .   w - +0 buckler (curse)
rNeg     . . .     Faith    .   c - +0 robe
rPois    +         Spirit   .   r - +2 helmet
rElec    +         Reflect  .   q - +2 cloak
rCorr    +         Harm     .   n - +0 pair of gloves
MR       +....     NoTele   +   (no barding)
Stlth    ++++++....             o - amulet of invisibility {+Inv}
HPRegen  0.27/turn              (no ring)
MPRegen  0.14/turn              (no ring)

@: agile, resistant, flying, hasted, quick
A: large, see invisible, deformed body, poison resistance, slowness 2, slow
metabolism 1, spit poison 1, AC +3
a: Spit Poison, Potion Petition, Call Merchant, Bribe Branch, Renounce Religion,
Evoke Invisibility


You were in the Dungeon.
You worshipped Gozag.
Gozag was aware of your devotion.
You were not hungry.

You visited 1 branch You collected 1719 gold pieces.
You spent 324 gold pieces at shops.
You paid 1062 gold pieces to Gozag.

Inventory:

Hand Weapons
 a - a +2 dagger
 b - a +0 blowgun
 u - a +1 flail of draining (weapon)
Missiles
 e - 28 poisoned needles
 f - 2 curare-tipped needles
Armour
 c - a +0 robe (worn)
 d - a +0 cloak
 n - a +0 pair of gloves (worn)
 p - a +0 leather armour
 q - a +2 cloak (worn)
 r - a +2 helmet (worn)
 v - a +1 hat
 w - a cursed +0 buckler (worn)
 x - the cursed +1 plate armour of the Black Moon {rF+ Slay+3 SInv, unknown}
   (You found it in the Dungeon)

   It affects your accuracy and damage with ranged weapons and melee attacks
   (+3).
   It protects you from fire.
   It lets you see invisible.
   It has a curse placed upon it.
Magical Staves
 s - an uncursed staff of fire {unknown}
Jewellery
 o - the amulet of invisibility (around neck) {+Inv}
   (You found it in the Dungeon)

   [amulet of nothing]

   It lets you turn invisible.
Scrolls
 m - a scroll of blinking
 t - a scroll of identify {unknown}
 y - a scroll of brand weapon {unknown}
Potions
 h - 2 potions of curing
 i - a potion of heal wounds
 j - a potion of haste
 k - 2 potions of magic
 l - 2 potions of berserk rage
Comestibles
 g - a ration


   Skills:
 - Level 11.2 Fighting
 - Level 8.5 Short Blades
 + Level 12.3 Maces & Flails
 - Level 1.7 Throwing
 - Level 9.4 Dodging
 - Level 10.1 Stealth
 - Level 3.0 Shields
 - Level 7.0 Evocations


You had 9 spell levels left.
You didn't know any spells.
Your spell library contained the following spells:

 Spells                   Type           Power        Failure   Level  Hunger
 Corona                   Hex            #......      34%         1    ##.....
 Slow                     Hex            #.......     47%         2    ###....
 Inner Flame              Hex/Fire       #.......     71%         3    ####...
 Portal Projectile        Hex/Tloc       #.....       71%         3    ####...
 Cause Fear               Hex            #.........   98%         4    #####..
 Leda's Liquefaction      Hex/Erth       #.........   98%         4    #####..


Dungeon Overview and Level Annotations

Branches:
Dungeon (1/1)

Altars:
Cheibriados
Dithmenos
Elyvilon
Gozag
Hepliaklqana
Kikubaaqudgha
Makhleb
Nemelex Xobeh
Okawaru
Qazlal
Ru
Sif Muna
Trog
Uskayaw
Vehumet
Wu Jian
Xom
Yredelemnul
Zin
The Shining One
Beogh
Jiyva
Lugonu

Shops:
D [:([((

Annotations:
D exclusion: 2 oklob plants, Agnes


Innate Abilities, Weirdness & Mutations

You cannot wear boots.
Your serpentine skin is tough. (AC +3)
You have supernaturally acute eyesight. (SInv)
Armour fits poorly on your strangely shaped body.
Your system is resistant to poisons. (rPois)
You cover ground very slowly.
You have a slow metabolism.
You can spit poison.


Message History

Agnes hits you with a +2 lajatang of speed.
You miss Agnes.
Agnes is severely wounded.
Agnes hits you with a +2 lajatang of speed!!
* * * LOW HITPOINT WARNING * * *
Agnes hits you with a +2 lajatang of speed!
* * * LOW HITPOINT WARNING * * *
[a] - 286 gold - heal wounds and magic [b] - 462 gold - heal wounds, curing, haste and flight [c] - 609 gold - heal wounds, curing, magic, haste and flight Purchase which effect?
You no longer have enough gold to petition Gozag for potion effects.
You feel much better.
You feel better.
You feel yourself speed up.
You feel very buoyant.
You fly up into the air.
Agnes hits you with a +2 lajatang of speed!!
* * * LOW HITPOINT WARNING * * *
Agnes hits you with a +2 lajatang of speed!!
You die...
Your body crumbles into a pile of gold.

_._._._._.⌠.#############
#################..$.[!#
♣♣♣♣..♣.###.'..+.....$$+
....♣..♣##..#..#.P....P#
.♣♣♣.♣).###.##'##.P.P..#
♣..♣...♣'...#♣.♣########
#############.....####
#..♣..♣....#
#.i.♣...@..♣...
......♣.i...∩.∩..
################# $


$$$$ $$$$ You could see Agnes.

Vanquished Creatures
  A spriggan druid (D)
  4 oklob plants (D)
  3 wandering mushrooms (D)
  3 burning bushes (D)
  A queen bee (D)
  2 scorpions (D)
  4 killer bees (D)
  5 oklob saplings (D)
  A worker ant (D)
  2 spriggans (D)
  A river rat (D)
  A rat (D)
28 creatures vanquished.

Vanquished Creatures (others)
  A ballistomycete spore (D)
1 creature vanquished.

Grand Total: 29 creatures vanquished

Notes
Turn   | Place    | Note
-------+----------+-------------------------------------------
     0 | D        | MikeHunt the Naga Assassin began the quest for the Orb.
     0 | D        | Reached XP level 1. HP: 19/19 MP: 1/1
    11 | D        | Reached XP level 2. HP: 26/26 MP: 2/2
    24 | D        | Noticed an oklob sapling
    25 | D        | Killed an oklob sapling
    25 | D        | Reached XP level 3. HP: 31/32 MP: 3/3
    28 | D        | Found the amulet of invisibility {+Inv}
    29 | D        | Reached skill level 5 in Short Blades
    29 | D        | Reached skill level 10 in Stealth
    29 | D        | Reached XP level 4. HP: 38/39 MP: 4/4
    52 | D        | Found an opulent altar of Gozag.
    52 | D        | Found a hazy altar of Hepliaklqana.
    52 | D        | Found a burning altar of Makhleb.
    52 | D        | Found a roughly hewn altar of Beogh.
    52 | D        | Found a sparkling altar of Nemelex Xobeh.
    52 | D        | Found a snail-covered altar of Cheibriados.
    52 | D        | Found a sacrificial altar of Ru.
    52 | D        | Found a deep blue altar of Sif Muna.
    52 | D        | Found a shimmering altar of Xom.
    52 | D        | Found a basalt altar of Yredelemnul.
    53 | D        | Found a viscous altar of Jiyva.
    53 | D        | Found a bloodstained altar of Trog.
    53 | D        | Found an ornate altar of the Wu Jian Council.
    53 | D        | Noticed an oklob sapling priest
    54 | D        | Found an iron altar of Okawaru.
    54 | D        | Found a shadowy altar of Dithmenos.
    54 | D        | Found a glowing silver altar of Zin.
    55 | D        | Found a hide-covered altar of Uskayaw.
    55 | D        | Found an ancient bone altar of Kikubaaqudgha.
    56 | D        | Found a stormy altar of Qazlal.
    56 | D        | Found a glowing golden altar of the Shining One.
    56 | D        | Found a white marble altar of Elyvilon.
    57 | D        | Found a radiant altar of Vehumet.
    57 | D        | Found a corrupted altar of Lugonu.
    61 | D        | Became a worshipper of Gozag Ym Sagoz the Greedy
    68 | D        | Killed an oklob sapling priest
    68 | D        | Reached XP level 5. HP: 51/51 MP: 3/5
    80 | D        | Reached skill level 5 in Fighting
    87 | D        | Reached skill level 5 in Dodging
    89 | D        | Reached XP level 6. HP: 63/63 MP: 6/6
    92 | D        | Found Oxkiets's Book Shop.
    92 | D        | Found Zozil's Armour Emporium.
    96 | D        | Noticed a burning bush
    96 | D        | Noticed a wandering mushroom
    97 | D        | Noticed a wandering mushroom
    99 | D        | Killed a wandering mushroom
    99 | D        | Reached XP level 7. HP: 76/76 MP: 7/7
   113 | D        | Killed a burning bush
   113 | D        | Reached skill level 10 in Fighting
   115 | D        | Killed a wandering mushroom
   115 | D        | Reached XP level 8. HP: 89/90 MP: 8/8
   131 | D        | Found Meon's Weapon Emporium.
   131 | D        | Found Wapaq's Antique Weapon Shoppe.
   189 | D        | Bought a runed flail for 169 gold pieces
   200 | D        | Bought a +0 pair of gloves for 45 gold pieces
   200 | D        | Bought a +1 hat for 110 gold pieces
   272 | D        | Noticed a queen bee
   277 | D        | Killed a queen bee
   414 | D        | Noticed an oklob plant
   417 | D        | Killed an oklob plant
   417 | D        | Reached XP level 9. HP: 97/97 MP: 9/13
   643 | D        | Noticed a burning bush
   646 | D        | Killed a burning bush
   646 | D        | Reached skill level 3 in Maces & Flails
   654 | D        | Got a spiked plate armour
   660 | D        | Noticed a burning bush
   660 | D        | Noticed an oklob plant
   661 | D        | Noticed a wandering mushroom
   662 | D        | Killed a burning bush
   662 | D        | Reached skill level 5 in Maces & Flails
   667 | D        | Killed an oklob plant
   667 | D        | Reached skill level 8 in Maces & Flails
   676 | D        | Killed a wandering mushroom
   676 | D        | Reached skill level 9 in Maces & Flails
   806 | D        | Noticed a spriggan druid
   807 | D        | Killed a spriggan druid
   807 | D        | Reached skill level 10 in Maces & Flails
   807 | D        | Reached XP level 10. HP: 105/105 MP: 15/15
   837 | D        | Noticed an oklob plant conjurer
   838 | D        | Killed an oklob plant conjurer
   838 | D        | Reached skill level 11 in Maces & Flails
   956 | D        | Noticed an oklob plant
   956 | D        | Noticed an oklob plant summoner
   957 | D        | Noticed an oklob plant shifter
   961 | D        | Killed an oklob plant
   961 | D        | Reached skill level 12 in Maces & Flails
  1190 | D        | Noticed Agnes
  1192 | D        | Found Xedeiqo's Antique Weapon Emporium.
  1192 | D        | Noticed a spriggan berserker
  1194 | D        | Found Gilo's Antique Armour Shoppe.
  1207 | D        | Slain by Agnes

Levels and vault maps discovered:
D:        dungeon_sprint_fedhas [sprint_temple]

Skill      XL: |  1  2  3  4  5  6  7  8  9 10 |
---------------+-------------------------------+-----
Short Blades   | 3 4 5 8 |  8.5
Stealth        | 7 9 10 | 10.1
Fighting       | 4 6 9 11 | 11.2
Dodging        | 3 5 7 9 |  9.4
Shields        | 3 |  3.0
Evocations     | 6 7 |  7.0
Maces & Flails | 10 12 | 12.3
Throwing       | |  1.7

Action                   |  1- 3 |  4- 6 |  7- 9 | 10-12 || total
-------------------------+-------+-------+-------+-------++-------
Melee: Dagger            |     5 |     8 |    31 |     4 ||    48
       Flail             |       |       |       |     7 ||     7
Invok: Potion Petition   |       |     1 |       |     2 ||     3
 Abil: Spit Poison       |     1 |       |       |     1 ||     2
       Evoke Invisibilit |       |     1 |     4 |     1 ||     6
 Stab: Sleeping          |     2 |     5 |    14 |     3 ||    24
       Invisible         |       |       |     2 |       ||     2
  Eat: Ration            |       |       |     1 |       ||     1
Armor: Robe              |       |       |       |     1 ||     1
Dodge: Dodged            |     4 |       |     2 |     8 ||    14
Block: Buckler           |       |       |     1 |     6 ||     7

Table legend:
 A = Non-vault XP
 B = Vault XP
 C = Vault XP percentage of total XP
 D = Non-vault monster count
 E = Vault monster count
 F = Vault count percentage of total count
                 A         B        C        D         E       F
            +---------+---------+-------+---------+---------+-------
      Total |       0 |    5756 | 100.0 |       0 |      28 | 100.0
            +---------+---------+-------+---------+---------+-------
          D |       0 |    5756 | 100.0 |       0 |      28 | 100.0
            +---------+---------+-------+---------+---------+-------
